| TOP OF THE 1ST |
|
Dayton Dragons batting - Pitching for Augusta GreenJackets : RHP Dave Crouch
|
|
Pitching: RHP Dave Crouch
|
|
|
Batting: RHB Juan Zamora
|
0-0: Called Strike 0-1: Called Strike 0-2: Ball 1-2: Ball 2-2: Strikes out swinging
|
|
Batting: RHB Randy Grewe
|
0-0: Swinging Strike 0-1: Foul Ball, location: 2F 0-2: Ball 1-2: Foul Ball, location: 2F 1-2: Foul Ball, location: 2F 1-2: Ball 2-2: Fly out, F7 (Flyball, 7D, EV 92.5 MPH)
|
|
Batting: LHB Keith Egan
|
0-0: Called Strike 0-1: Ground out 4-3 (Groundball, 34D, EV 105.6 MPH)
|
| Top of the 1st over - 0 runs, 0 hits, 0 errors, 0 left on base; Dayton 0 - Augusta 0 |
| BOTTOM OF THE 1ST |
|
Augusta GreenJackets batting - Pitching for Dayton Dragons : LHP Suk-jin Sok
|
|
Pitching: LHP Suk-jin Sok
|
|
|
Batting: LHB J.P. Olson
|
0-0: Ball 1-0: Ground out 6-3 (Groundball, 4S, EV 83.1 MPH)
|
|
Batting: RHB Mike Buchanan
|
0-0: Swinging Strike 0-1: Foul Ball, location: 2F 0-2: Ball 1-2: Strikes out swinging
|
|
Batting: RHB Sadataka Kuwahara
|
0-0: Ball 1-0: Foul Ball, location: 2F 1-1: Foul Ball, location: 2F 1-2: Ball 2-2: Foul Ball, location: 2F 2-2: Ball 3-2: Base on Balls
|
|
Batting: RHB Chris King
|
0-0: SINGLE (Groundball, 56D, EV 101.9 MPH) Sadataka Kuwahara to second
|
|
Batting: LHB Al Hernandez
|
0-0: Swinging Strike 0-1: Ball 1-1: Ball 2-1: Swinging Strike 2-2: Ball 3-2: Strikes out swinging
|
| Bottom of the 1st over - 0 runs, 1 hit, 0 errors, 2 left on base; Dayton 0 - Augusta 0 |
| TOP OF THE 2ND |
|
Dayton Dragons batting - Pitching for Augusta GreenJackets : RHP Dave Crouch
|
|
Batting: SHB Tim Utz
|
0-0: Swinging Strike 0-1: Swinging Strike 0-2: Ball 1-2: Ground out 6-3 (Groundball, 6MD, EV 88.1 MPH)
|
|
Batting: RHB Mark Williams
|
0-0: DOUBLE (Line Drive, 9LS, EV 108.1 MPH)
|
|
Batting: RHB Frank Moron
|
0-0: Ball 1-0: Foul Ball, location: 2F 1-1: Ground out 4-3 (Groundball, 4, EV 111.9 MPH) Mark Williams to third
|
|
Batting: RHB Jonathan Davis
|
0-0: Ground out 6-3 (Groundball, 6, EV 83.8 MPH)
|
| Top of the 2nd over - 0 runs, 1 hit, 0 errors, 1 left on base; Dayton 0 - Augusta 0 |
| BOTTOM OF THE 2ND |
|
Augusta GreenJackets batting - Pitching for Dayton Dragons : LHP Suk-jin Sok
|
|
Batting: RHB Dave Crouch
|
0-0: Ball 1-0: SINGLE (Groundball, 34D, EV 103.1 MPH)
|
|
Batting: LHB Josh Straub
|
0-0: Ball 1-0: Swinging Strike Pickoff Throw to First - Out! 1-3 CS 1-1: Ball 2-1: Foul Ball, location: 2F 2-2: Ground out 6-3 (Groundball, 6, EV 100.0 MPH)
|
|
Batting: RHB Dinand Brouwer
|
0-0: Called Strike 0-1: Ball 1-1: Ball 2-1: Ground out 5-3 (Groundball, 56, EV 88.8 MPH)
|
| Bottom of the 2nd over - 0 runs, 1 hit, 0 errors, 0 left on base; Dayton 0 - Augusta 0 |
| TOP OF THE 3RD |
|
Dayton Dragons batting - Pitching for Augusta GreenJackets : RHP Dave Crouch
|
|
Batting: RHB R.J. Romberg
|
0-0: Ball 1-0: Ball 2-0: Ground out 4-3 (Groundball, 4S, EV 72.5 MPH)
|
|
Batting: RHB Cyd Carver
|
0-0: Called Strike 0-1: Ball 1-1: Foul Ball, location: 2F 1-2: Ground out 5-3 (Groundball, 5S, EV 84.4 MPH)
|
|
Batting: RHB Juan Zamora
|
0-0: Ball 1-0: Ball 2-0: Ground out 4-3 (Groundball, 4, EV 77.5 MPH)
|
| Top of the 3rd over - 0 runs, 0 hits, 0 errors, 0 left on base; Dayton 0 - Augusta 0 |
| BOTTOM OF THE 3RD |
|
Augusta GreenJackets batting - Pitching for Dayton Dragons : LHP Suk-jin Sok
|
|
Batting: RHB Gabe Ochoa
|
0-0: Swinging Strike 0-1: Foul Ball, location: 2F 0-2: Ground out 4-3 (Groundball, 4, EV 105.0 MPH)
|
|
Batting: LHB J.P. Olson
|
0-0: Foul Ball, location: 2F 0-1: DOUBLE (Line Drive, 3D, EV 96.2 MPH)
|
|
Batting: RHB Mike Buchanan
|
0-0: Foul Ball, location: 2F 0-1: Foul Ball, location: 2F 0-2: Ball 1-2: Ground out 6-3 (Groundball, 56, EV 83.8 MPH)
|
|
Batting: RHB Sadataka Kuwahara
|
0-0: Ball 1-0: Foul Ball, location: 2F 1-1: Called Strike 1-2: Ground out 6-3 (Groundball, 6S, EV 70.0 MPH)
|
| Bottom of the 3rd over - 0 runs, 1 hit, 0 errors, 1 left on base; Dayton 0 - Augusta 0 |
| TOP OF THE 4TH |
|
Dayton Dragons batting - Pitching for Augusta GreenJackets : RHP Dave Crouch
|
|
Batting: RHB Randy Grewe
|
0-0: Called Strike 0-1: Swinging Strike 0-2: Ground out 4-3 (Groundball, 4M, EV 84.4 MPH)
|
|
Batting: LHB Keith Egan
|
0-0: Foul Ball, location: 2F 0-1: Swinging Strike 0-2: Foul Ball, location: 2F 0-2: Ground out 4-3 (Groundball, 34D, EV 103.1 MPH)
|
|
Batting: SHB Tim Utz
|
0-0: Foul Ball, location: 2F 0-1: Foul Ball, location: 2F 0-2: Ball 1-2: Foul Ball, location: 2F 1-2: Ball 2-2: Foul Ball, location: 2F 2-2: Foul Ball, location: 2F 2-2: Fly out, F9 (Flyball, 89S, EV 95.6 MPH)
|
| Top of the 4th over - 0 runs, 0 hits, 0 errors, 0 left on base; Dayton 0 - Augusta 0 |
| BOTTOM OF THE 4TH |
|
Augusta GreenJackets batting - Pitching for Dayton Dragons : LHP Suk-jin Sok
|
|
Batting: RHB Chris King
|
0-0: Ball 1-0: Foul Ball, location: 2F 1-1: Called Strike 1-2: Ball 2-2: Ground out 4-3 (Groundball, 4, EV 93.8 MPH)
|
|
Batting: LHB Al Hernandez
|
0-0: Called Strike 0-1: Fly out, F8 (Flyball, 8RD, EV 104.4 MPH)
|
|
Batting: RHB Dave Crouch
|
0-0: Swinging Strike 0-1: SINGLE (Groundball, 56D, EV 101.9 MPH)
|
|
Batting: LHB Josh Straub
|
0-0: Ball 1-0: Ground out 4-3 (Groundball, 34, EV 78.8 MPH)
|
| Bottom of the 4th over - 0 runs, 1 hit, 0 errors, 1 left on base; Dayton 0 - Augusta 0 |
| TOP OF THE 5TH |
|
Dayton Dragons batting - Pitching for Augusta GreenJackets : RHP Dave Crouch
|
|
Batting: RHB Mark Williams
|
0-0: Ball 1-0: Ball 2-0: Ground out U3 (Groundball, 34, EV 106.9 MPH)
|
|
Batting: RHB Frank Moron
|
0-0: Ball 1-0: Ball 2-0: Foul Ball, location: 2F 2-1: Foul Ball, location: 2F 2-2: Fly out, F9 (Flyball, 9LM, EV 95.6 MPH)
|
|
Batting: RHB Jonathan Davis
|
0-0: Called Strike 0-1: Ball 1-1: Ball 2-1: Ball 3-1: Base on Balls
|
|
Batting: RHB R.J. Romberg
|
0-0: Fielders Choice at 2nd, U4 (Groundball, 4M, EV 103.8 MPH)
|
| Top of the 5th over - 0 runs, 0 hits, 0 errors, 1 left on base; Dayton 0 - Augusta 0 |
| BOTTOM OF THE 5TH |
|
Augusta GreenJackets batting - Pitching for Dayton Dragons : LHP Suk-jin Sok
|
|
Batting: RHB Dinand Brouwer
|
0-0: Ground out 6-3 (Groundball, 6, EV 84.4 MPH)
|
|
Batting: RHB Gabe Ochoa
|
0-0: Foul Ball, location: 2F 0-1: Ball 1-1: Fly out, F8 (Flyball, 8LM, EV 83.1 MPH)
|
|
Batting: LHB J.P. Olson
|
0-0: Ball 1-0: SINGLE (Groundball, 4M, EV 99.4 MPH)
|
|
Batting: RHB Mike Buchanan
|
0-0: Called Strike 0-1: Fly out, F8 (Flyball, 8RM, EV 80.6 MPH)
|
| Bottom of the 5th over - 0 runs, 1 hit, 0 errors, 1 left on base; Dayton 0 - Augusta 0 |
| TOP OF THE 6TH |
|
Dayton Dragons batting - Pitching for Augusta GreenJackets : RHP Dave Crouch
|
|
Batting: RHB Cyd Carver
|
0-0: Called Strike 0-1: Foul Ball, location: 2F 0-2: Strikes out swinging
|
|
Batting: RHB Juan Zamora
|
0-0: Swinging Strike 0-1: Foul Ball, location: 2F 0-2: Ball 1-2: Ball 2-2: Ball 3-2: Ground out 6-3 (Groundball, 6, EV 83.8 MPH)
|
|
Batting: RHB Randy Grewe
|
0-0: Called Strike 0-1: Ball 1-1: Ground out 5-3 (Groundball, 5L, EV 78.1 MPH)
|
| Top of the 6th over - 0 runs, 0 hits, 0 errors, 0 left on base; Dayton 0 - Augusta 0 |
| BOTTOM OF THE 6TH |
|
Augusta GreenJackets batting - Pitching for Dayton Dragons : LHP Suk-jin Sok
|
|
Batting: RHB Sadataka Kuwahara
|
0-0: SINGLE (Line Drive, 34D, EV 103.1 MPH)
|
|
Batting: RHB Chris King
|
0-0: Called Strike 0-1: Called Strike 0-2: Foul Ball, location: 2F 0-2: Ball 1-2: Ball 2-2: Fielders Choice at 2nd, 6-4 (Groundball, 6D, EV 90.6 MPH)
|
|
Batting: LHB Al Hernandez
|
0-0: Ball 1-0: Called Strike 1-1: Ball 2-1: Fly out, F8 (Flyball, 8RD, EV 88.1 MPH)
|
|
Batting: RHB Dave Crouch
|
0-0: Ball 1-0: Foul Ball, location: 2F 1-1: SINGLE (Line Drive, 3D, EV 95.6 MPH) Chris King to second
|
|
Batting: LHB Josh Straub
|
0-0: Ground out 4-3 (Groundball, 4D, EV 106.9 MPH)
|
| Bottom of the 6th over - 0 runs, 2 hits, 0 errors, 2 left on base; Dayton 0 - Augusta 0 |
| TOP OF THE 7TH |
|
Dayton Dragons batting - Pitching for Augusta GreenJackets : RHP Dave Crouch
|
|
Batting: LHB Keith Egan
|
0-0: Ball 1-0: Called Strike 1-1: SINGLE (Groundball, 4MD, EV 105.6 MPH)
|
|
Batting: SHB Tim Utz
|
0-0: Ball Keith Egan is caught stealing 2nd base 2-6 1-0: Called Strike 1-1: Ball 2-1: Ball 3-1: Foul Ball, location: 2F 3-2: Ground out 6-3 (Groundball, 6, EV 84.4 MPH)
|
|
Batting: RHB Mark Williams
|
0-0: SINGLE (Groundball, 56S, EV 65.6 MPH) (infield hit)
|
|
Pitching: RHP Brian Yinger
|
|
|
Batting: RHB Frank Moron
|
0-0: Called Strike 0-1: Ball 1-1: Ball 2-1: DOUBLE (Line Drive, 7LS, EV 93.8 MPH) Mark Williams to third Runner from 3rd tries for Home, SAFE, no throw by LF
|
|
Batting: RHB Jonathan Davis
|
0-0: DOUBLE (Line Drive, 3D, EV 100.0 MPH) Frank Moron scores
|
|
Pinch Runner at 2nd Danny Real:
|
|
|
Batting: RHB R.J. Romberg
|
0-0: Ball 1-0: Ball 2-0: Swinging Strike 2-1: Ball 3-1: Foul Ball, location: 2F 3-2: Strikes out swinging
|
| Top of the 7th over - 2 runs, 4 hits, 0 errors, 1 left on base; Dayton 2 - Augusta 0 |
| BOTTOM OF THE 7TH |
|
Augusta GreenJackets batting - Pitching for Dayton Dragons : LHP Suk-jin Sok
|
|
Now in CF: Danny Real
|
|
|
Batting: RHB Dinand Brouwer
|
0-0: Called Strike 0-1: Swinging Strike 0-2: Strikes out looking
|
|
Batting: RHB Gabe Ochoa
|
0-0: Called Strike 0-1: Called Strike 0-2: SINGLE (Line Drive, 8LS, EV 96.9 MPH)
|
|
Batting: LHB J.P. Olson
|
0-0: Foul Ball, location: 2F 0-1: SINGLE (Groundball, 4D, EV 99.4 MPH) Gabe Ochoa to second Runner from 2nd tries for 3rd, SAFE, throw by CF made to third
|
|
Batting: RHB Mike Buchanan
|
0-0: Ball Pickoff Throw by Catcher to First - Out! 1-0: Swinging Strike 1-1: Ball Wild Pitch! Gabe Ochoa scores 2-1: Foul Ball, location: 2F 2-2: Ground out 4-3 (Groundball, 4MD, EV 84.4 MPH)
|
| Bottom of the 7th over - 1 run, 2 hits, 0 errors, 0 left on base; Dayton 2 - Augusta 1 |
| TOP OF THE 8TH |
|
Dayton Dragons batting - Pitching for Augusta GreenJackets : RHP Brian Yinger
|
|
Batting: RHB Cyd Carver
|
0-0: Ball 1-0: Ball 2-0: Ball 3-0: Called Strike 3-1: Foul Ball, location: 2F 3-2: Foul Ball, location: 2F 3-2: Ground out U3 (Groundball, 3, EV 86.2 MPH)
|
|
Batting: RHB Juan Zamora
|
0-0: Foul Ball, location: 2F 0-1: Ball 1-1: Called Strike 1-2: Strikes out swinging
|
|
Batting: RHB Randy Grewe
|
0-0: Ball 1-0: Foul Ball, location: 2F 1-1: DOUBLE (Groundball, 5L, EV 96.9 MPH)
|
|
Batting: LHB Keith Egan
|
0-0: Ground out 4-3 (Groundball, 4D, EV 103.8 MPH)
|
| Top of the 8th over - 0 runs, 1 hit, 0 errors, 1 left on base; Dayton 2 - Augusta 1 |
| BOTTOM OF THE 8TH |
|
Augusta GreenJackets batting - Pitching for Dayton Dragons : LHP Suk-jin Sok
|
|
Now at 2B: Yasusaburo Kuwahara
|
|
|
Batting: RHB Sadataka Kuwahara
|
0-0: Swinging Strike 0-1: Ball 1-1: Ball 2-1: Ball 3-1: SINGLE (Line Drive, 9LD, EV 103.1 MPH)
|
|
Batting: RHB Chris King
|
0-0: Foul Ball, location: 2F 0-1: Ball 1-1: Ball 2-1: Grounds into double play, 4-6-3 (Groundball, 4, EV 88.8 MPH)
|
|
Batting: LHB Al Hernandez
|
0-0: Swinging Strike 0-1: Fly out, F6 (Popup, P, EV 76.9 MPH)
|
| Bottom of the 8th over - 0 runs, 1 hit, 0 errors, 0 left on base; Dayton 2 - Augusta 1 |
| TOP OF THE 9TH |
|
Dayton Dragons batting - Pitching for Augusta GreenJackets : RHP Brian Yinger
|
|
Pitching: LHP Tommy McCusker
|
|
|
Batting: SHB Tim Utz
|
0-0: Ball 1-0: DOUBLE (Flyball, 89XD, EV 98.1 MPH)
|
|
Batting: RHB Mark Williams
|
0-0: Called Strike 0-1: Ball 1-1: Ground out 6-3 (Groundball, 6, EV 98.8 MPH)
|
|
Batting: RHB Frank Moron
|
0-0: SINGLE (Line Drive, 8LS, EV 93.1 MPH) Tim Utz to third
|
|
Batting: RHB Danny Real
|
0-0: Called Strike 0-1: Ball 1-1: SINGLE (Flyball, 7S, EV 91.9 MPH) Tim Utz scores Frank Moron to second
|
|
Batting: RHB R.J. Romberg
|
0-0: Ball 1-0: Ball 2-0: Foul Ball, location: 2F 2-1: Foul Ball, location: 2F 2-2: Strikes out swinging
|
|
Batting: RHB Yasusaburo Kuwahara
|
0-0: Fly out, F8 (Flyball, 8RM, EV 83.1 MPH)
|
| Top of the 9th over - 1 run, 3 hits, 0 errors, 2 left on base; Dayton 3 - Augusta 1 |
| BOTTOM OF THE 9TH |
|
Augusta GreenJackets batting - Pitching for Dayton Dragons : LHP Suk-jin Sok
|
|
Pitching: RHP Juan Hernandez
|
|
|
Batting: RHB Dave Crouch
|
0-0: Fly out, F8 (Flyball, 8RD, EV 86.9 MPH)
|
|
Batting: LHB Josh Straub
|
0-0: Ball 1-0: Ball 2-0: Ground out U3 (Groundball, 3, EV 82.5 MPH)
|
|
Pinch Hitting: LHB Fred Arends
|
0-0: Ball 1-0: Foul Ball, location: 2F 1-1: Foul Ball, location: 2F 1-2: Ground out U3 (Groundball, 3, EV 90.0 MPH)
|
| Bottom of the 9th over - 0 runs, 0 hits, 0 errors, 0 left on base; Dayton 3 - Augusta 1 |
|